 Dungeon Crawl Stone Soup version 0.29.0-3-gbb0933ed62 (webtiles) character file.

Game seed: 2414092849653770647

105 voltaire321 the Stinger (level 4, -3/32 HPs)
             Began as a Demonspawn Venom Mage on Aug 25, 2022.
             Slain by a black bear (4 damage)
             ... on level 3 of the Dungeon.
             The game lasted 00:09:57 (2437 turns).

voltaire321 the Stinger (Demonspawn Venom Mage)     Turns: 2437, Time: 00:09:58

Health: -3/32      AC:  8    Str: 11    XL:     4   Next: 53%
Magic:  9/16       EV: 11    Int: 16    God:
Gold:   167        SH:  5    Dex: 15    Spells: 5/8 levels left

rFire   . . .      SeeInvis .   e - +0 short sword
rCold   . . .      Faith    .   (no shield)
rNeg    . . .      Spirit   .   i - +0 swamp dragon scales
rPois   +          Reflect  +   (helmet restricted)
rElec   .          Harm     .   (no cloak)
rCorr   .          Rampage  .   f - +0 pair of gloves
Will    .....                   (no boots)
Stlth   ++........              k - amulet of reflection
HPRegen 0.10/turn               u - ring of magical power
MPRegen 0.15/turn               (no ring)

@: very slightly contaminated
A: horns 1, thin skeletal structure 1
a: no special abilities


You were on level 3 of the Dungeon.
You visited 1 branch of the dungeon, and saw 3 of its levels.

You collected 167 gold pieces.

Inventory:

Hand Weapons
 e - a +0 short sword (weapon)
Armour
 f - a +0 pair of gloves (worn)
 i - +0 swamp dragon scales (worn)
Jewellery
 k - an amulet of reflection (around neck)
 s - a ring of resist corrosion
 u - a ring of magical power (left hand)
Scrolls
 c - 2 scrolls of teleportation {unknown}
 d - 2 scrolls of fear {unknown}
 l - a scroll of blinking {unknown}
 r - a scroll of enchant armour {unknown}
 t - a scroll of noise {unknown}
 v - a scroll of enchant weapon {unknown}
 w - a scroll of vulnerability {unknown}
 x - a scroll of identify {unknown}
Potions
 a - a potion of degeneration {unknown}
 b - a potion of magic
 g - 3 potions of curing {unknown}
 h - a potion of mutation {unknown}
 j - 2 potions of berserk rage {unknown}
 m - 2 potions of ambrosia {unknown}
 n - a potion of lignification {unknown}
 o - 2 potions of might {unknown}
 p - a potion of heal wounds {unknown}
 q - a potion of attraction {unknown}
 z - a potion of resistance {unknown}


   Skills:
 + Level 1.4 Fighting
 + Level 0.7 Armour
 + Level 2.4 Dodging
 + Level 2.2 Stealth
 + Level 2.5 Spellcasting
 + Level 1.5 Transmutations
 + Level 3.4 Poison Magic


You had 5 spell levels left.
You knew the following spells:

 Your Spells              Type           Power      Damage    Failure   Level
a - Sting                 Tmut/Pois      40%        1d5       17%         1
b - Poisonous Vapours     Pois/Air       14%        N/A       34%         2

Your spell library contained the following spells:

 Spells                   Type           Power      Damage    Failure   Level
 Magic Dart               Conj           8%         1d3       43%         1
 Spider Form              Tmut/Pois      10%        N/A       45%         3
 Call Imp                 Summ           2%         N/A       58%         2
 Ensorcelled Hibernation  Hex/Ice        4%         N/A       58%         2
 Mephitic Cloud           Conj/Pois/Air  5%         N/A       65%         3
 Olgreb's Toxic Radiance  Pois           13%        N/A       75%         4
 Anguish                  Hex/Necr       1%         N/A       99%         4


Dungeon Overview and Level Annotations

Branches:
Dungeon (3/15)

Altars:
Uskayaw


Innate Abilities, Weirdness & Mutations

You have a pair of small horns on your head.
You have a somewhat thin skeletal structure. (Dex +2, Stealth+)


Message History

The black bear claws you.
The black bear attacks as you move away!
The black bear misses you.
The black bear claws you but does no damage. x2
Things that are here:
a frilled lizard corpse; a ball python corpse
Casting: Sting (safe; 17% risk of failure)
Confirm with . or Enter, or press ? or * to list all spells.
Aiming: Sting (safe; 17% risk of failure)
Press: ? - help, Shift-Dir - straight line, f/p - black bear
Aim: a black bear (heavily wounded, very poisoned, 79% to hit)
You miscast Sting.
You are very lightly contaminated with residual magic.
Nothing appears to happen.
The black bear barely misses you.
The black bear claws you but does no damage.
The black bear barely misses you.
You hit the black bear but do no damage.
The black bear is heavily wounded.
The black bear bites you but does no damage.
The black bear barely misses you.
The black bear claws you but does no damage.
You hit the black bear but do no damage.
The black bear is severely wounded.
The black bear goes berserk!
Casting: Sting (safe; 17% risk of failure)
Confirm with . or Enter, or press ? or * to list all spells.
Aiming: Sting (safe; 17% risk of failure)
Press: ? - help, Shift-Dir - straight line, f/p - black bear
Aim: a black bear (severely wounded, berserk, very poisoned, 79% to hit)
The sting hits the black bear.
The black bear looks even sicker.
The black bear is almost dead.
The black bear bites you. You block the black bear's attack.
The black bear claws you. The black bear bites you.
* * * LOW HITPOINT WARNING * * *
The black bear claws you.
* * * LOW HITPOINT WARNING * * *
You block the black bear's attack. The black bear bites you.
You die...

.. #.# #.#..........(.
### #.# #.###.#########
..## #.# ####+###.# #..#
#†# #.....##.#
##.####.####.....#..#
#......#..+.....#.##
######.#[##...†...#
#........##.######
#######.#.####>h@........
........#.# ############
#########.# #.# #.# #.#
#.#


You could see a black bear (berserk, very poisoned).

Vanquished Creatures
  Terence (D:2)
  2 adders (D:2)
  A worm (D:2)
  2 dart slugs
  An orc (D:2)
  7 ball pythons
  7 bats
  5 endoplasms
  2 giant cockroaches (D:2)
  5 goblins
  2 hobgoblins
  A jackal (D:2)
  6 kobolds
  2 quokkas
  4 frilled lizards
  2 rats (D:2)
50 creatures vanquished.

Notes
Turn   | Place    | Note
-------+----------+-------------------------------------------
     0 | D:1      | voltaire321 the Demonspawn Venom Mage began the quest for
                  | the Orb.
     0 | D:1      | Reached XP level 1. HP: 13/13 MP: 3/3
    67 | D:1      | Reached skill level 1 in Transmutations
   347 | D:1      | Gained mutation: You have a somewhat thin skeletal
                  | structure. (Dex +2, Stealth+) [demonic ancestry]
   347 | D:1      | Reached XP level 2. HP: 19/20 MP: 1/5
   800 | D:1      | Learned a level 2 spell: Poisonous Vapours
  1077 | D:1      | Gained mutation: You have a pair of small horns on your
                  | head. [demonic ancestry]
  1077 | D:1      | Reached XP level 3. HP: 25/25 MP: 4/6
  1239 | D:2      | Noticed Terence
  1252 | D:2      | Reached skill level 1 in Fighting
  1353 | D:2      | Killed Terence
  1584 | D:2      | Reached XP level 4. HP: 28/32 MP: 4/7
  2238 | D:2      | Found a faded altar of an unknown god.
  2393 | D:3      | Found a hide-covered altar of Uskayaw.
  2396 | D:3      | Noticed a black bear
  2435 | D:3      | HP: 1/32 [black bear (6)]
  2437 | D:3      | Slain by a black bear

Illustrated notes

Levels and vault maps discovered:
D:1:      lemuel_arrival_cross, layout_loops_ring, minmay_box_of_dots
D:2:      layout_basic, shapermc_ecumenical_altar_pompeii,
          minmay_joined_circles, uniq_terence
D:3:      layout_basic, nicolae_uskayaw_dance_hall

Skill      XL: |  1  2  3 |
---------------+----------+-----
Transmutations | 1 |  1.5
Dodging        | 2 |  2.4
Fighting       | 1 |  1.4
Stealth        | 2 |  2.2
Armour         | |  0.7
Spellcasting   | |  2.5
Poison Magic   | |  3.4

Action                   |  1- 3 |  4- 6 || total
-------------------------+-------+-------++-------
Melee: Short sword       |    57 |    27 ||    84
       Unarmed           |     1 |       ||     1
       Headbutt          |     6 |     6 ||    12
       Punch             |     1 |       ||     1
 Cast: Sting             |    32 |    33 ||    65
Armor: Robe              |    11 |       ||    11
       Swamp dragon scal |    17 |    25 ||    42
Dodge: Dodged            |    38 |    28 ||    66
Block: Other             |     4 |    17 ||    21
